TOP OF THE 1ST |
North Carolina State Wolfpack batting - Pitching for Connecticut Huskies : LHP Mal Chapman
|
Pitching: LHP Mal Chapman
|
|
Batting: LHB Steven Gregory
|
0-0: Ball 1-0: Ball 2-0: Ball 3-0: Called Strike 3-1: SINGLE (Line Drive, 9S)
|
Batting: LHB Nick Henderson
|
0-0: Called Strike 0-1: Swinging Strike 0-2: Foul Ball, location: 2F 0-2: Ball 1-2: Strikes out looking
|
Batting: RHB Ronald McMillan
|
0-0: Called Strike Throwing error on steal attempt, E2 Steven Gregory to third 0-1: Ball 1-1: Called Strike 1-2: Strikes out looking
|
Batting: LHB Ramón Quintanilla
|
0-0: Ground out U3 (Groundball, 34S)
|
Top of the 1st over - 0 runs, 1 hit, 1 error, 1 left on base; North Carolina State 0 - Connecticut 0 |
BOTTOM OF THE 1ST |
Connecticut Huskies batting - Pitching for North Carolina State Wolfpack : RHP Lonnie Dodson
|
Pitching: RHP Lonnie Dodson
|
|
Batting: RHB Anthony Payton
|
0-0: Foul Ball, location: 2F 0-1: Called Strike 0-2: Ball 1-2: Ball 2-2: Fly out, F7 (Flyball, 78M)
|
Batting: RHB Ron Frost
|
0-0: Called Strike 0-1: Ball 1-1: Foul Ball, location: 2F 1-2: Foul Ball, location: 2F 1-2: Foul Ball, location: 2F 1-2: Ground out U3 (Groundball, 34S)
|
Batting: RHB Phil Gabriel
|
0-0: Ball 1-0: Ball 2-0: Ball 3-0: Called Strike 3-1: Foul Ball, location: 2F 3-2: Ground out 4-3 (Groundball, 4)
|
Bottom of the 1st over - 0 runs, 0 hits, 0 errors, 0 left on base; North Carolina State 0 - Connecticut 0 |
TOP OF THE 2ND |
North Carolina State Wolfpack batting - Pitching for Connecticut Huskies : LHP Mal Chapman
|
Batting: LHB Ryan Cook
|
0-0: Swinging Strike 0-1: Foul Ball, location: 2F 0-2: Strikes out swinging
|
Batting: RHB Chris Seals
|
0-0: Swinging Strike 0-1: Called Strike 0-2: Strikes out looking
|
Batting: SHB Mark Hendree
|
0-0: Ball 1-0: Ball 2-0: Foul Ball, location: 2F 2-1: Swinging Strike 2-2: Foul Ball, location: 2F 2-2: Ball 3-2: Strikes out looking
|
Top of the 2nd over - 0 runs, 0 hits, 0 errors, 0 left on base; North Carolina State 0 - Connecticut 0 |
BOTTOM OF THE 2ND |
Connecticut Huskies batting - Pitching for North Carolina State Wolfpack : RHP Lonnie Dodson
|
Batting: LHB Roberto Martínez
|
0-0: Ball 1-0: Foul Ball, location: 2F 1-1: Foul Ball, location: 2F 1-2: SINGLE (Groundball, 34D)
|
Batting: RHB Eric Vaughn
|
0-0: Called Strike 0-1: Called Strike 0-2: Foul Ball, location: 2F 0-2: Ball 1-2: Foul Ball, location: 2F 1-2: Grounds into double play, 5-4-3 (Groundball, 5L)
|
Batting: LHB Garth Gallegos
|
0-0: Ball 1-0: Ball 2-0: Swinging Strike 2-1: Foul Ball, location: 2F 2-2: Ball 3-2: Ground out 1-3 (Groundball, P)
|
Bottom of the 2nd over - 0 runs, 1 hit, 0 errors, 0 left on base; North Carolina State 0 - Connecticut 0 |
TOP OF THE 3RD |
North Carolina State Wolfpack batting - Pitching for Connecticut Huskies : LHP Mal Chapman
|
Batting: LHB Trent Harper
|
0-0: Foul Ball, location: 2F 0-1: Ball 1-1: Ball 2-1: Ball 3-1: Base on Balls
|
Batting: LHB Garrett Roberson
|
0-0: Ball 1-0: Called Strike 1-1: Swinging Strike 1-2: Foul Ball, location: 2F 1-2: Foul Ball, location: 2F 1-2: Foul Ball, location: 2F 1-2: Ball 2-2: Strikes out swinging
|
Batting: LHB Steven Gregory
|
0-0: Ball 1-0: Ball 2-0: Swinging Strike 2-1: DOUBLE (Flyball, 78XD) Trent Harper to third Runner from 3rd tries for Home, SAFE, no throw
|
Batting: LHB Nick Henderson
|
0-0: Ball 1-0: Foul Ball, location: 2F 1-1: Foul Ball, location: 2F 1-2: Ball 2-2: Strikes out looking
|
Batting: RHB Ronald McMillan
|
0-0: Swinging Strike 0-1: Swinging Strike 0-2: Ball 1-2: Foul Ball, location: 2F 1-2: Ball 2-2: Foul Ball, location: 2F 2-2: Ball 3-2: Reached on error, E6 (Groundball, 6) Steven Gregory scores
|
Batting: LHB Ramón Quintanilla
|
0-0: Ball 1-0: Called Strike 1-1: Ball 2-1: Foul Ball, location: 2F 2-2: Strikes out swinging
|
Top of the 3rd over - 2 runs, 1 hit, 1 error, 1 left on base; North Carolina State 2 - Connecticut 0 |
BOTTOM OF THE 3RD |
Connecticut Huskies batting - Pitching for North Carolina State Wolfpack : RHP Lonnie Dodson
|
Batting: RHB Jeremy Day
|
0-0: Ball 1-0: Ball 2-0: Ball 3-0: Called Strike 3-1: Base on Balls
|
Batting: RHB Andrés Padilla
|
0-0: Ball 1-0: Ball 2-0: Foul Ball, location: 2F 2-1: Swinging Strike 2-2: Strikes out swinging
|
Batting: SHB José Ramírez
|
0-0: Fly out, F9 (Flyball, 9LM)
|
Batting: RHB Anthony Payton
|
0-0: Called Strike 0-1: Foul Ball, location: 2F 0-2: Ball 1-2: Foul Ball, location: 2F 1-2: Strikes out swinging
|
Bottom of the 3rd over - 0 runs, 0 hits, 0 errors, 1 left on base; North Carolina State 2 - Connecticut 0 |
TOP OF THE 4TH |
North Carolina State Wolfpack batting - Pitching for Connecticut Huskies : LHP Mal Chapman
|
Batting: LHB Ryan Cook
|
0-0: Ball 1-0: Ball 2-0: Foul Ball, location: 2F 2-1: Foul Ball, location: 2F 2-2: Ball 3-2: Base on Balls
|
Batting: RHB Chris Seals
|
0-0: Ball Ryan Cook is caught stealing 2nd base 1-0: Swinging Strike 1-1: Called Strike 1-2: Fly out, F8 (Flyball, 8LD)
|
Batting: SHB Mark Hendree
|
0-0: Called Strike 0-1: Ball 1-1: Swinging Strike 1-2: Ball 2-2: Strikes out swinging
|
Top of the 4th over - 0 runs, 0 hits, 0 errors, 0 left on base; North Carolina State 2 - Connecticut 0 |
BOTTOM OF THE 4TH |
Connecticut Huskies batting - Pitching for North Carolina State Wolfpack : RHP Lonnie Dodson
|
Batting: RHB Ron Frost
|
0-0: Ball 1-0: SINGLE (Groundball, 56S) (infield hit)
|
Batting: RHB Phil Gabriel
|
0-0: Ball 1-0: Ball 2-0: Called Strike 2-1: Swinging Strike 2-2: Strikes out looking
|
Batting: LHB Roberto Martínez
|
0-0: Called Strike 0-1: Ball 1-1: Swinging Strike 1-2: Ball Throwing error on steal attempt, E2 Ron Frost to third 2-2: Ground out 4-3 (Groundball, 4) Ron Frost scores
|
Batting: RHB Eric Vaughn
|
0-0: Ball 1-0: Swinging Strike 1-1: Ball 2-1: SINGLE (Groundball, 6MD)
|
Batting: LHB Garth Gallegos
|
0-0: Ball 1-0: Ball 2-0: Ball 3-0: Base on Balls Eric Vaughn to second
|
Batting: RHB Jeremy Day
|
0-0: Called Strike 0-1: Reached on error, E5 (Groundball, 56) Eric Vaughn to third Garth Gallegos to second
|
Batting: RHB Andrés Padilla
|
0-0: Ball 1-0: Called Strike 1-1: Ball 2-1: Ball 3-1: Foul Ball, location: 2F 3-2: Ground out 6-3 (Groundball, 6M)
|
Bottom of the 4th over - 1 run, 2 hits, 2 errors, 3 left on base; North Carolina State 2 - Connecticut 1 |
TOP OF THE 5TH |
North Carolina State Wolfpack batting - Pitching for Connecticut Huskies : LHP Mal Chapman
|
Batting: LHB Trent Harper
|
0-0: Foul Ball, location: 2F 0-1: Ground out U3 (Groundball, 3L)
|
Pitching: RHP Ronnie Couch
|
|
Batting: LHB Garrett Roberson
|
0-0: Ball 1-0: Swinging Strike 1-1: Called Strike 1-2: Foul Ball, location: 2F 1-2: Ball 2-2: Ball 3-2: Base on Balls
|
Batting: LHB Steven Gregory
|
0-0: Foul Ball, location: 2F 0-1: Ball 1-1: Called Strike 1-2: Ball 2-2: Foul Ball, location: 2F 2-2: Foul Ball, location: 2F 2-2: Foul Ball, location: 2F 2-2: Strikes out swinging
|
Batting: LHB Nick Henderson
|
0-0: Swinging Strike 0-1: Swinging Strike 0-2: Foul Ball, location: 2F 0-2: Ball 1-2: SINGLE (Line Drive, 56) Garrett Roberson to second
|
Batting: RHB Ronald McMillan
|
0-0: Fly out, F9 (Flyball, 9)
|
Top of the 5th over - 0 runs, 1 hit, 0 errors, 2 left on base; North Carolina State 2 - Connecticut 1 |
BOTTOM OF THE 5TH |
Connecticut Huskies batting - Pitching for North Carolina State Wolfpack : RHP Lonnie Dodson
|
Batting: SHB José Ramírez
|
0-0: Called Strike 0-1: Ball 1-1: Foul Ball, location: 2F 1-2: Ball 2-2: Fly out, F9 (Flyball, 9LSF)
|
Pitching: RHP Steve Harrison
|
|
Batting: RHB Anthony Payton
|
0-0: Called Strike 0-1: TRIPLE (Flyball, 78XD)
|
Batting: RHB Ron Frost
|
0-0: Foul Ball, location: 2F 0-1: Ball Wild Pitch! Anthony Payton scores 1-1: Reached on error, E5 (Groundball, 5)
|
Batting: RHB Phil Gabriel
|
0-0: Ball 1-0: Called Strike 1-1: Ball 2-1: Ball 3-1: Base on Balls Ron Frost to second
|
Batting: LHB Roberto Martínez
|
0-0: Ball 1-0: Called Strike 1-1: Swinging Strike 1-2: SINGLE (Line Drive, 3D) Ron Frost to third Phil Gabriel to second
|
Batting: RHB Eric Vaughn
|
0-0: Called Strike 0-1: Foul Ball, location: 2F 0-2: Ball 1-2: SINGLE (Line Drive, 6MD) Ron Frost scores Phil Gabriel to third Roberto Martínez to second
|
Batting: LHB Garth Gallegos
|
0-0: Called Strike 0-1: Ball 1-1: Ball 2-1: Swinging Strike 2-2: Foul Ball, location: 2F 2-2: Foul Ball, location: 2F 2-2: Foul Ball, location: 2F 2-2: Foul Ball, location: 2F 2-2: Ball 3-2: Strikes out swinging
|
Batting: RHB Jeremy Day
|
0-0: Foul Ball, location: 2F 0-1: Ball 1-1: Ball 2-1: Foul Ball, location: 2F 2-2: Strikes out swinging
|
Bottom of the 5th over - 2 runs, 3 hits, 1 error, 3 left on base; North Carolina State 2 - Connecticut 3 |
TOP OF THE 6TH |
North Carolina State Wolfpack batting - Pitching for Connecticut Huskies : RHP Ronnie Couch
|
Batting: LHB Ramón Quintanilla
|
0-0: Ball 1-0: Fly out, F8 (Line Drive, 8LM)
|
Batting: LHB Ryan Cook
|
0-0: Called Strike 0-1: Ball 1-1: SINGLE (Line Drive, 34D)
|
Batting: RHB Chris Seals
|
0-0: Called Strike 0-1: Swinging Strike 0-2: Ball 1-2: Ball 2-2: Ball 3-2: Foul Ball, location: 2F 3-2: SINGLE (Line Drive, 6MD) Ryan Cook to second
|
Batting: SHB Mark Hendree
|
0-0: Foul Ball, location: 2F 0-1: Ball 1-1: Ball 2-1: Ball 3-1: Foul Ball, location: 2F 3-2: Foul Ball, location: 2F 3-2: Base on Balls Ryan Cook to third Chris Seals to second
|
Batting: LHB Trent Harper
|
0-0: Called Strike 0-1: Ball 1-1: Ball 2-1: Called Strike 2-2: Ball 3-2: Foul Ball, location: 2F 3-2: Strikes out swinging
|
Batting: LHB Garrett Roberson
|
0-0: Ball
|
|
|
|
1-0: Called Strike 1-1: Ball 2-1: Foul Ball, location: 2F 2-2: Ball 3-2: SINGLE (Groundball, 4MD) Ryan Cook scores Chris Seals to third Mark Hendree to second Chris Seals scores Mark Hendree to third
|
Pitching: RHP Edward Underwood
|
|
Batting: LHB Steven Gregory
|
0-0: Ball 1-0: Swinging Strike 1-1: Swinging Strike 1-2: Foul Ball, location: 2F 1-2: SINGLE (Line Drive, 6) Mark Hendree scores Garrett Roberson to second
|
Batting: LHB Nick Henderson
|
0-0: Ball 1-0: Swinging Strike 1-1: Ball 2-1: SINGLE (Line Drive, 56) Garrett Roberson to third Steven Gregory to second Runner from 3rd tries for Home, SAFE, no throw
|
Batting: RHB Ronald McMillan
|
0-0: Foul Ball, location: 2F 0-1: Ball 1-1: Ball 2-1: Foul Ball, location: 2F 2-2: Ball 3-2: Fly out, F3 (Popup, 34)
|
Top of the 6th over - 4 runs, 5 hits, 0 errors, 2 left on base; North Carolina State 6 - Connecticut 3 |
BOTTOM OF THE 6TH |
Connecticut Huskies batting - Pitching for North Carolina State Wolfpack : RHP Steve Harrison
|
Pitching: RHP Chris Crews
|
|
Batting: RHB Andrés Padilla
|
0-0: Ball 1-0: Ball 2-0: Fly out, F9 (Flyball, 9D)
|
Batting: SHB José Ramírez
|
0-0: Called Strike 0-1: Called Strike 0-2: Ball 1-2: Ball 2-2: Foul Ball, location: 2F 2-2: Ground out 5-3 (Groundball, 56S)
|
Batting: RHB Anthony Payton
|
0-0: Ball 1-0: Ball 2-0: Ball 3-0: Called Strike 3-1: SINGLE (Groundball, 34D)
|
Batting: RHB Ron Frost
|
0-0: Ball 1-0: Ground out 1-3 (Groundball, 13S)
|
Bottom of the 6th over - 0 runs, 1 hit, 0 errors, 1 left on base; North Carolina State 6 - Connecticut 3 |
TOP OF THE 7TH |
North Carolina State Wolfpack batting - Pitching for Connecticut Huskies : RHP Edward Underwood
|
Batting: LHB Ramón Quintanilla
|
0-0: Fly out, F6 (Flyball, 56D)
|
Batting: LHB Ryan Cook
|
0-0: Foul Ball, location: 2F 0-1: Ball 1-1: Ball 2-1: Foul Ball, location: 2F 2-2: SINGLE (Line Drive, 78S)
|
Batting: RHB Chris Seals
|
0-0: Ball Ryan Cook is caught stealing 2nd base 1-0: Foul Ball, location: 2F 1-1: Foul Ball, location: 2F 1-2: Strikes out swinging
|
Top of the 7th over - 0 runs, 1 hit, 0 errors, 0 left on base; North Carolina State 6 - Connecticut 3 |
BOTTOM OF THE 7TH |
Connecticut Huskies batting - Pitching for North Carolina State Wolfpack : RHP Chris Crews
|
Batting: RHB Phil Gabriel
|
0-0: DOUBLE (Line Drive, 9LM) - OUT at third base trying to stretch hit.
|
Batting: LHB Roberto Martínez
|
0-0: Ground out 4-3 (Groundball, 4S)
|
Batting: RHB Eric Vaughn
|
0-0: Called Strike 0-1: SOLO HOME RUN (Flyball, 9LD), Distance : 332 ft
|
Batting: LHB Garth Gallegos
|
0-0: Called Strike 0-1: Ball 1-1: Ball 2-1: Foul Ball, location: 2F 2-2: Ball 3-2: Foul Ball, location: 2F 3-2: Strikes out looking
|
Bottom of the 7th over - 1 run, 2 hits, 0 errors, 0 left on base; North Carolina State 6 - Connecticut 4 |
TOP OF THE 8TH |
North Carolina State Wolfpack batting - Pitching for Connecticut Huskies : RHP Edward Underwood
|
Batting: SHB Mark Hendree
|
0-0: Called Strike 0-1: Called Strike 0-2: Foul Ball, location: 2F 0-2: Fly out, F8 (Line Drive, 8LD)
|
Pitching: LHP Jude Hatfield
|
|
Batting: LHB Trent Harper
|
0-0: Ball 1-0: Ball 2-0: Called Strike 2-1: SINGLE (Flyball, 7LM)
|
Batting: LHB Garrett Roberson
|
0-0: Ball 1-0: Ball 2-0: Ball 3-0: Called Strike 3-1: Called Strike 3-2: Strikes out swinging
|
Batting: LHB Steven Gregory
|
0-0: Ball 1-0: Ball 2-0: Ball 3-0: Called Strike 3-1: Base on Balls Trent Harper to second
|
Pinch Hitting: RHB Joe Davis
|
0-0: Ball 1-0: DOUBLE (Groundball, 5L) Trent Harper scores Steven Gregory to third Runner from 3rd tries for Home, SAFE, no throw
|
Pitching: RHP Sean Fox
|
|
Batting: RHB Ronald McMillan
|
0-0: Called Strike 0-1: Called Strike 0-2: Ball 1-2: Foul Ball, location: 2F 1-2: Fly out, F9 (Flyball, 89S)
|
Top of the 8th over - 2 runs, 2 hits, 0 errors, 1 left on base; North Carolina State 8 - Connecticut 4 |
BOTTOM OF THE 8TH |
Connecticut Huskies batting - Pitching for North Carolina State Wolfpack : RHP Chris Crews
|
Now in CF: Alex Miller
|
|
Batting: RHB Jeremy Day
|
0-0: Called Strike 0-1: Ball 1-1: Ball 2-1: Swinging Strike 2-2: Fly out, F5 (Popup, 25)
|
Batting: RHB Andrés Padilla
|
0-0: Swinging Strike 0-1: Ball 1-1: Ground out 5-3 (Groundball, 56)
|
Batting: SHB José Ramírez
|
0-0: Ball 1-0: SINGLE (Groundball, 4MS) (infield hit)
|
Batting: RHB Anthony Payton
|
0-0: Ball 1-0: Called Strike 1-1: Ground out 1-3 (Groundball, 15S)
|
Bottom of the 8th over - 0 runs, 1 hit, 0 errors, 1 left on base; North Carolina State 8 - Connecticut 4 |
TOP OF THE 9TH |
North Carolina State Wolfpack batting - Pitching for Connecticut Huskies : RHP Sean Fox
|
Batting: LHB Ramón Quintanilla
|
0-0: Ball 1-0: Ball 2-0: Ball 3-0: Called Strike 3-1: Base on Balls
|
Batting: LHB Ryan Cook
|
0-0: Called Strike 0-1: Foul Ball, location: 2F 0-2: Strikes out swinging
|
Batting: RHB Chris Seals
|
0-0: Ball 1-0: Foul Ball, location: 2F 1-1: Called Strike 1-2: Fly out, F9 (Flyball, 9)
|
Batting: SHB Mark Hendree
|
0-0: Swinging Strike 0-1: Ball 1-1: Ball 2-1: Foul Ball, location: 2F 2-2: Foul Ball, location: 2F 2-2: Strikes out swinging
|
Top of the 9th over - 0 runs, 0 hits, 0 errors, 1 left on base; North Carolina State 8 - Connecticut 4 |
BOTTOM OF THE 9TH |
Connecticut Huskies batting - Pitching for North Carolina State Wolfpack : RHP Chris Crews
|
Batting: RHB Ron Frost
|
0-0: Ball 1-0: Ball 2-0: Ball 3-0: Called Strike 3-1: SINGLE (Line Drive, 9S)
|
Batting: RHB Phil Gabriel
|
0-0: Ball 1-0: SINGLE (Flyball, 9LS) Ron Frost to second
|
Pitching: RHP Terrence Johnson
|
|
Batting: LHB Roberto Martínez
|
0-0: Called Strike 0-1: Called Strike 0-2: Fly out, F8 (Flyball, 8RD)
|
Batting: RHB Eric Vaughn
|
0-0: Foul Ball, location: 2F 0-1: SINGLE (Flyball, 8RS) Ron Frost to third Phil Gabriel to second
|
Batting: LHB Garth Gallegos
|
0-0: Ball 1-0: Foul Ball, location: 2F 1-1: Fielders Choice at 2nd, 3-6 (Groundball, 3) Ron Frost scores Phil Gabriel to third
|
Pinch Hitting: LHB Alejandro Piña
|
0-0: Ball 1-0: Called Strike 1-1: Foul Ball, location: 2F 1-2: Strikes out looking
|
Bottom of the 9th over - 1 run, 3 hits, 0 errors, 2 left on base; North Carolina State 8 - Connecticut 5 |
|
Saturday, April 7th, 2018 - OOTP Baseball 18.8 Build 76
|
|